 Dungeon Crawl Stone Soup version 0.16.0-16-g311141a (webtiles) character file.

1638 asthiss the Basher (level 8, -5/66 HPs)
             Began as a Minotaur Berserker on Mar 19, 2015.
             Was a High Priest of Trog.
             Slain by an orc warrior
             ... wielding a +2 trident of venom
              (11 damage)
             ... on level 6 of the Dungeon.
             The game lasted 00:26:21 (5377 turns).

asthiss the Basher (Minotaur Berserker)             Turns: 5377, Time: 00:26:21

Health: -5/66      AC:  9    Str: 25 (27) XL:     8   Next: 66%
Magic:  3/3        EV: 11    Int:  3 (4)  God:    Trog [*****.]
Gold:   358        SH:  2    Dex:  6 (9)  Spells: 0 memorised, 7 levels left

rFire  x . .     SeeInvis +     g - +3 mace (holy)
rCold  + . .     Clarity  .     d - +1 ring mail
rNeg   . . .     SustAb   .     (no shield)
rPois  .         Gourm    .     j - +1 hat
rElec  .         Spirit   .     (no cloak)
rCorr  .         Warding  .     (no gloves)
rMut   .         Stasis   .     (no boots)
MR     .....                    (no amulet)
Stlth  ..........               i - ring of see invisible
                                e - ring of ice

@: lethally poisoned (-5 -> -41), not resistant to hostile enchantments,
extremely unstealthy
A: retaliatory headbutt, horns 2, large bone plates 1, deterioration 1, strong 1
a: Burn Spellbooks, Berserk, Trog's Hand, Brothers in Arms, Renounce Religion


You were on level 6 of the Dungeon.
You worshipped Trog.
Trog was extremely pleased with you.
You were not hungry.

You visited 1 branch of the dungeon, and saw 6 of its levels.

You collected 358 gold pieces.

Inventory:

Hand weapons
 a - a +0 mace
 g - a +3 mace of holy wrath (weapon)
Armour
 d - a +1 ring mail (worn)
 j - a +1 hat (worn)
Jewellery
 e - a ring of ice (left hand)
 i - a ring of see invisible (right hand)
Magical devices
 q - a wand of hasting (2)
Scrolls
 h - 5 scrolls of identify
 l - a scroll of remove curse
 m - a scroll of enchant armour
 n - a scroll of fear
 o - a scroll of recharging
Potions
 b - a potion of flight
 f - 3 potions of restore abilities
Comestibles
 c - 6 bread rations
 k - 6 fruits


   Skills:
 - Level 3.8 Fighting
   Level 0.0 Long Blades
 + Level 13.0 Maces & Flails
 - Level 2.6 Armour
 - Level 2.5 Dodging


You had 7 spell levels left.
You didn't know any spells.

Dungeon Overview and Level Annotations

Branches:
Dungeon (6/15)
 Temple: D:4-7

Altars:
Gozag
Okawaru
The Shining One


Innate Abilities, Weirdness & Mutations

You reflexively headbutt those who attack you in melee.
You have a pair of horns on your head.
You are partially covered in large bone plates (AC +2, SH +2).
Your body is slowly deteriorating.
Your muscles are strong. (Str +2)


Message History

* * * LOW HITPOINT WARNING * * *
You are more poisoned.
* * * LOW HITPOINT WARNING * * *
You feel very sick.
The orc wizard hits you but does no damage.
You see here a slice of pizza.
You miss the orc wizard.
* * * LOW HITPOINT WARNING * * *
You feel sick. The orc wizard casts a spell at you. The magic dart hits you!
You sock the orc wizard!!
You kill the orc wizard!
Trog accepts your kill.
Trog appreciates your killing of a magic user.
Your Maces & Flails skill increases to level 13!
* * * LOW HITPOINT WARNING * * *
You feel very sick.
The orc warrior hits you from afar with a trident of venom!
You die...

##.............#
##..............#
#...............#
#............#..###
#............##.....
#...........###)....#
##..........###....###
##..........#........#
#....o.@)............#
#.....#......#.......##.##
....>)#....###...#### ..#
...#..#....# #...# ..## #.
#....# ##..######..# #.
##...# #...)......# #
#...# ##...[...)... .#....
#...######... ......##..##
#..#


You could see an orc warrior.

Vanquished Creatures
  Prince Ribbit (D:5)
  3 ogres
  Sigmund (D:3)
  A giant frog (D:6)
  A wyvern zombie (D:6)
  A scorpion (D:4)
  2 goliath beetles (D:6)
  A giant frog zombie (D:5)
  2 jellies
  2 crimson imps (D:5)
  An iguana (D:4)
  A hound (D:6)
  2 orc priests
  7 orc wizards
  5 worker ants
  Ijyb (D:3)
  A hound skeleton (D:6)
  3 gnolls (D:4)
  7 adders
  4 worms
  An adder zombie (D:5)
  3 giant geckos
  2 oozes (D:2)
  21 orcs
  9 bats
  A bat skeleton (D:4)
  14 hobgoblins
  7 jackals
  10 kobolds
  6 quokkas
  6 giant cockroaches
  5 giant newts
  9 goblins
  A quokka zombie (D:5)
  7 rats
149 creatures vanquished.

Vanquished Creatures (others)
  An orc (D:6)
1 creature vanquished.

Grand Total: 150 creatures vanquished

Notes
Turn   | Place    | Note
--------------------------------------------------------------
     0 | D:1      | asthiss, the Minotaur Berserker, began the quest for the Orb.
     0 | D:1      | Reached XP level 1. HP: 19/19 MP: 1/1
   234 | D:1      | Reached XP level 2. HP: 22/27 MP: 1/1
   380 | D:1      | Acquired Trog's second power
   402 | D:1      | Reached skill level 4 in Maces & Flails
   629 | D:2      | Gained mutation: Your muscles are strong. (Str +2) [potion of mutation]
   629 | D:2      | Gained mutation: Your body is slowly deteriorating. [potion of mutation]
   629 | D:2      | Gained mutation: You are partially covered in large bone plates (AC +2, SH +2). [potion of mutation]
   759 | D:2      | Reached XP level 3. HP: 20/33 MP: 2/2
   836 | D:2      | Reached skill level 5 in Maces & Flails
   985 | D:2      | Reached XP level 4. HP: 40/40 MP: 2/2
  1371 | D:3      | Reached skill level 6 in Maces & Flails
  1665 | D:3      | Noticed Sigmund
  1686 | D:3      | Killed Sigmund
  1686 | D:3      | Reached skill level 7 in Maces & Flails
  1686 | D:3      | Reached XP level 5. HP: 42/46 MP: 2/2
  1836 | D:3      | Noticed Ijyb
  1843 | D:3      | Killed Ijyb
  1866 | D:3      | Reached skill level 8 in Maces & Flails
  1866 | D:3      | Reached XP level 6. HP: 52/52 MP: 3/3
  2402 | D:4      | Acquired Trog's third power
  2599 | D:4      | Found an opulent altar of Gozag.
  2650 | D:4      | Found a glowing golden altar of the Shining One.
  2650 | D:4      | Found an iron altar of Okawaru.
  2756 | D:4      | Reached skill level 9 in Maces & Flails
  2801 | D:4      | Reached XP level 7. HP: 54/58 MP: 3/3
  3649 | D:5      | Entered Level 5 of the Dungeon
  3666 | D:5      | Reached skill level 10 in Maces & Flails
  4125 | D:5      | Noticed Prince Ribbit
  4143 | D:5      | Killed Prince Ribbit
  4143 | D:5      | Reached skill level 11 in Maces & Flails
  4143 | D:5      | Reached XP level 8. HP: 47/66 MP: 3/3
  4776 | D:6      | Reached skill level 12 in Maces & Flails
  4841 | D:6      | Received a gift from Trog
  5377 | D:6      | Reached skill level 13 in Maces & Flails
  5377 | D:6      | Slain by an orc warrior

Action                   |  1- 3 |  4- 6 |  7- 9 || total
-------------------------+-------+-------+-------++-------
Melee: Mace              |    17 |    96 |   148 ||   261
       Unarmed           |    31 |       |       ||    31
Throw: Javelin           |    37 |    37 |    26 ||   100
Invok: Trog's Hand       |       |     2 |     1 ||     3
       Berserk           |       |       |     1 ||     1
  Use: Scroll            |     4 |     4 |     1 ||     9
       Potion            |     4 |     1 |     4 ||     9
  Eat: Royal jelly       |       |     1 |       ||     1
       Meat ration       |       |     1 |       ||     1
       Fruit             |       |       |     4 ||     4
       Beef jerky        |       |       |     2 ||     2
       Pizza             |       |       |     1 ||     1
       Bread ration      |       |       |     1 ||     1
